 Dungeon Crawl Stone Soup version 0.20.1-1-g8b1a95d (webtiles) character file.

495 slep the Slasher (level 7, -7/82 HPs)
             Began as a Formicid Abyssal Knight on Oct 30, 2017.
             Was a Believer of Lugonu.
             Killed by divine providence
             ... invoked by an orc priest
              (14 damage)
             ... on level 4 of the Dungeon.
             The game lasted 00:13:55 (2608 turns).

slep the Slasher (Formicid Abyssal Knight)          Turns: 2608, Time: 00:14:00

Health: -7/82      AC: 23    Str: 16    XL:     7   Next: 38%
Magic:  8/8        EV:  2    Int: 15    God:    Lugonu [**....]
Gold:   153        SH:  8    Dex: 12    Spells: 6/6 levels left

rFire    . . .     SeeInvis .   a - +1 falchion
rCold    . . .     Gourm    .   e - +0 shield
rNeg     + + +     Faith    .   (armour currently unavailable)
rPois    +         Spirit   .   (helmet unavailable)
rElec    .         Reflect  .   (cloak currently unavailable)
rCorr    .         Harm     .   (gloves currently unavailable)
MR       .....                  (boots currently unavailable)
Stlth    ++........             u - amulet of inaccuracy (curse)
Regen    0.3/turn               d - +3 ring of intelligence
MPRegen  0.2/turn               (no ring)

@: tree-form
A: permanent stasis, dig shafts and tunnels, four strong arms
a: Depart the Abyss, Bend Space, Renounce Religion


You were on level 4 of the Dungeon.
You worshipped Lugonu.
Lugonu was pleased with you.
You were not hungry.
You were a tree.
You visited 1 branch of the dungeon, and saw 4 of its levels.
You visited the Abyss 1 time.

You collected 153 gold pieces.

Inventory:

Hand Weapons
 a - a +1 falchion (weapon)
 l - a +0 club
Missiles
 n - 6 javelins (quivered)
 q - 2 throwing nets
Armour
 b - a +0 leather armour (melded)
 e - a +0 shield (worn)
 t - a cursed +0 cloak (melded)
Jewellery
 d - a +3 ring of intelligence (left branch)
 u - a cursed amulet of inaccuracy (around neck)
Scrolls
 f - a scroll of recharging {unknown}
 g - 2 scrolls of remove curse {unknown}
 h - 5 scrolls of identify {unknown}
 i - a scroll of enchant armour {unknown}
 j - a scroll of blinking {unknown}
 k - a scroll of enchant weapon {unknown}
 m - a scroll of amnesia {unknown}
 p - 2 scrolls of teleportation {unknown}
 s - 2 scrolls of immolation {unknown}
Potions
 r - a potion of magic {unknown}
 w - a potion of berserk rage {unknown}
 x - a potion of might {unknown}
Comestibles
 c - 4 bread rations
 v - 4 chunks of flesh


   Skills:
 + Level 4.3 Fighting
 + Level 4.8 Long Blades
 + Level 3.1 Armour
 + Level 2.4 Dodging
 + Level 3.3 Stealth
 + Level 2.5 Shields
 + Level 2.2 Invocations


You had 6 spell levels left.
You didn't know any spells.

Dungeon Overview and Level Annotations

Branches:
Dungeon (4/15)
 Temple: D:4-7

Altars:
Dithmenos
Kikubaaqudgha
Trog


Innate Abilities, Weirdness & Mutations

You cannot be hasted, slowed, berserked, paralysed or teleported.
You can dig through walls and to a lower floor.
Your four strong arms can wield two-handed weapons with a shield.
((You have a pair of large antennae on your head. (SInv)))


Message History

You open the door. You block the orc wizard's attack.
The orc priest mumbles some strange prayers to Beogh against you.
Pain shoots through your body!
* * * LOW HITPOINT WARNING * * *
The orc wizard mumbles some strange words.
The orc wizard blinks!
The orc wizard hits you with a dagger.
* * * LOW HITPOINT WARNING * * *
The orc priest mumbles some strange prayers to Beogh against you.
Pain shoots through your body!
* * * LOW HITPOINT WARNING * * *
There is an open door here.
It was a potion of lignification.
You turn into a tree.
Your cursed +0 cloak melds into your body.
Your +0 leather armour melds into your body.
Your roots penetrate the ground.
The orc wizard hits you but does no damage.
The orc priest invokes the aid of Beogh against you.
Beogh smites you!
You die...

#.....#.......#...# ..
#.....#.......#...# ...
#.....#.......#...#....
#....[#.....[.#...#..o.
#...###.......#####{...
#########.........{...#
#...#.............#
#...#.............#
###♣##.............#
#.ooo....####.....##
#....o...'..'.....#
+......).#..#.....+
#........####.....#
###+#######....#####
+....#...# #....#...#
#....'...#


You could see 2 orc priests, an orc wizard and an orc.

Vanquished Creatures
  Grinder (D:3)
  Sigmund (D:2)
  Jessica (D:3)
  4 gnolls (D:2)
  An adder (D:2)
  An ooze (D:3)
  2 worms
  5 dart slugs
  A leopard gecko (D:2)
  An orc (D:4)
  9 bats
  9 goblins
  4 hobgoblins
  12 jackals
  7 kobolds
  A ball python (D:2)
  A frilled lizard (D:2)
  7 rats
68 creatures vanquished.

Vanquished Creatures (others)
  A withered plant (D:2)
1 creature vanquished.

Grand Total: 69 creatures vanquished

Notes
Turn   | Place    | Note
-------+----------+-------------------------------------------
     0 | Abyss:1  | slep the Formicid Abyssal Knight began the quest for the Orb.
     0 | Abyss:1  | Reached XP level 1. HP: 18/18 MP: 2/2
    46 | Abyss:1  | Noticed a sixfirhy
    48 | Abyss:1  | Noticed a deep elf elementalist
    49 | D:1      | Escaped the Abyss
    98 | D:1      | Reached * piety under Lugonu
   145 | D:1      | Reached XP level 2. HP: 19/24 MP: 3/3
   502 | D:1      | Reached XP level 3. HP: 29/30 MP: 4/4
   754 | D:2      | Reached skill level 1 in Dodging
   783 | D:2      | Noticed Sigmund
   806 | D:2      | Killed Sigmund
   806 | D:2      | Reached skill level 1 in Stealth
   806 | D:2      | Reached skill level 1 in Shields
   806 | D:2      | Reached XP level 4. HP: 12/37 MP: 5/5
   806 | D:2      | Reached XP level 5. HP: 14/42 MP: 6/6
  1073 | D:2      | Reached XP level 6. HP: 45/48 MP: 7/7
  1108 | D:2      | Found an ancient bone altar of Kikubaaqudgha.
  1251 | D:2      | Reached ** piety under Lugonu
  1337 | D:2      | Found a bloodstained altar of Trog.
  1838 | D:3      | Noticed Jessica
  1846 | D:3      | Killed Jessica
  1968 | D:3      | Noticed Grinder
  1990 | D:3      | Killed Grinder
  1990 | D:3      | Reached XP level 7. HP: 13/55 MP: 8/8
  2279 | D:3      | Found a faded altar of an unknown god.
  2549 | D:4      | Found a shadowy altar of Dithmenos.
  2608 | D:4      | Killed from afar by an orc priest

Skill      XL: |  1  2  3  4  5  6 |
---------------+-------------------+-----
Dodging        | 1 2 |  2.4
Fighting       | 4 |  4.3
Long Blades    | 3 4 |  4.8
Stealth        | 1 3 |  3.3
Shields        | 1 2 |  2.5
Armour         | 3 |  3.1
Invocations    | |  2.2

Action                   |  1- 3 |  4- 6 |  7- 9 || total
-------------------------+-------+-------+-------++-------
Melee: Falchion          |    86 |   188 |    24 ||   298
Invok: Depart the Abyss  |     1 |       |       ||     1
  Use: Potion            |     1 |     1 |     1 ||     3
 Stab: Sleeping          |     1 |     4 |       ||     5
       Distracted        |     1 |       |       ||     1
       Invisible         |       |     5 |       ||     5
  Eat: Chunk             |       |     4 |     2 ||     6
Armor: Leather armour    |    27 |    36 |     4 ||    67
       Skin              |       |       |     1 ||     1
Dodge: Dodged            |    51 |    55 |     8 ||   114
Block: Shield            |    28 |    57 |    10 ||    95
       Rpst.: Falchion   |    16 |    14 |     3 ||    33
